AoeStats
← ITZ | AutocavS

Arabia

508455593Analyzed
1v1 RM · 11d ago on Sep 22, 2026· 46m 25s· 2 players
Game mode
Random Map
Map size
Tiny (2 player)
Population
200
Speed
Normal
Resources
Standard
Victory
Conquest
Starting age
Dark Age
Ending age
Imperial Age
RankedLock teamsTeams togetherTeam positionsShared explorationLock speedFull tech treeHidden civsTurbo modeCheats
Victory
Defeat
🇦🇷 Magyars · Argentina
1423
+18
🇩🇪 Khmer · Germany
1460
-18
ITZ | AutocavS
5:49 Loom
9:00 Feudal Age
9:35 Double-Bit Axe
11:28 Horse Collar
19:41 Castle Age
17:56 Gold Mining
18:54 Bloodlines
19:13 Scale Barding Armor
22:07 Gold Shaft Mining
29:38 Wheelbarrow
28:43 Pikeman
29:45 Stone Mining
30:21 Scale Mail Armor
33:41 Heavy Plow
40:55 Imperial Age
39:03 Husbandry
40:27 Bow Saw
40:08 Town Watch
41:54 Chain Barding Armor
40:57 Cavalier
42:05 Conscription
43:35 Crop Rotation
44:03 Hand Cart
43:42 Halberdier
45:35 Plate Barding Armor
46:57 Chain Mail Armor
Big-Tobo
7:03 Loom
10:58 Feudal Age
14:22 Castle Age
12:51 Double-Bit Axe
13:12 Horse Collar
17:06 Gold Mining
18:52 Bloodlines
21:02 Husbandry
23:03 Scale Barding Armor
25:35 Forging
27:54 Wheelbarrow
27:55 Light Cavalry
29:40 Devotion
32:33 Chain Barding Armor
39:17 Hand Cart
42:21 Imperial Age
40:06 Bow Saw
40:35 Gold Shaft Mining
40:02 Heavy Plow
39:50 Town Watch
40:47 Stone Mining
42:25 Cavalier
43:43 Plate Barding Armor
44:19 Iron Casting
43:40 Fletching
45:16 Conscription
45:22 Town Patrol
Connection lost

Rejoining the realm…

Still unreachable

The connection could not be restored.

Session expired

The server has moved on; the page needs a fresh start.